 Dungeon Crawl Stone Soup version 0.21-a0-591-g2314aa1 (webtiles) character file.

5 Amnesiac the Vexing (level 1, -1/19 HPs)
             Began as an Ogre Arcane Marksman on Dec 22, 2017.
             Slain by a hobgoblin
             ... wielding a +0 club
              (6 damage)
             ... on level 1 of the Dungeon.
             The game lasted 00:02:19 (636 turns).

Amnesiac the Vexing (Ogre Arcane Marksman)           Turns: 636, Time: 00:02:19

Health: -1/19      AC:  3    Str: 13    XL:     1   Next: 80%
Magic:  0/2        EV: 10    Int: 14    God:
Gold:   12         SH:  0    Dex:  9    Spells: 1/2 levels left

rFire    . . .     SeeInvis .   (no weapon)
rCold    . . .     Gourm    .   (no shield)
rNeg     . . .     Faith    .   a - +0 robe
rPois    .         Spirit   .   (helmet restricted)
rElec    .         Reflect  .   (no cloak)
rCorr    .         Harm     .   (gloves unavailable)
MR       .....                  (boots unavailable)
Stlth    +.........             (no amulet)
HPRegen  0.06/turn              (no ring)
MPRegen  0.08/turn              (no ring)

@: very slightly contaminated
A: large, unfitting armour, tough skin 1
a: no special abilities


You were on level 1 of the Dungeon.
You were not hungry.

You visited 1 branch of the dungeon, and saw 1 of its levels.

You collected 12 gold pieces.

Inventory:

Missiles
 c - 2 large rocks (quivered)
 d - 2 throwing nets
 g - 39 stones
Armour
 a - a +0 robe (worn)
Scrolls
 e - a scroll of identify {!r, unknown}
Books
 b - a book of Debilitation

   Spells                             Type                      Level
   a - Corona                         Hexes                        1
   b - Slow                           Hexes                        2
   c - Inner Flame                    Hexes/Fire                   3
   d - Portal Projectile              Hexes/Translocation          3
   e - Cause Fear                     Hexes                        4
   f - Leda's Liquefaction            Hexes/Earth                  4
Comestibles
 f - 2 rations
 h - 2 chunks of flesh


   Skills:
 + Level 1.6 Fighting
 * Level 2.2 Throwing
 - Level 1.7 Dodging
 + Level 1.4 Spellcasting
 + Level 2.7 Hexes


You had one spell level left.
You knew the following spells:

 Your Spells              Type           Power        Failure   Level  Hunger
a - Corona                Hex            #......      9%          1    ##.....


Dungeon Overview and Level Annotations

Branches:
Dungeon (1/15)

Altars:


Innate Abilities, Weirdness & Mutations

You are too large for most types of armour.
You have tough skin. (AC +1)


Message History

Throwing (i - inventory. (,) - cycle):
g - 41 stones (quivered)
Press: ? - help, Shift-Dir - straight line, f/p - hobgoblin
Aim: a hobgoblin, wielding a club (lightly wounded, softly glowing)
You throw a stone.
The stone hits the hobgoblin but does no damage.
The hobgoblin is lightly wounded.
The hobgoblin stops glowing.
The hobgoblin misses you.
Casting: Corona
Confirm with . or Enter, or press ? or * to list all spells.
Aiming: Corona
Press: ? - help, Shift-Dir - straight line, f/p - hobgoblin
Aim: a hobgoblin, wielding a club (lightly wounded, chance to defeat MR: 61%)
The hobgoblin struggles to resist.
Throwing (i - inventory. (,) - cycle):
g - 40 stones (quivered)
Press: ? - help, Shift-Dir - straight line, f/p - hobgoblin
Aim: a hobgoblin, wielding a club (lightly wounded)
You throw a stone. The stone hits the hobgoblin.
The hobgoblin is moderately wounded.
The hobgoblin hits you with a club.
* * * LOW HITPOINT WARNING * * *
You barely miss the hobgoblin.
The hobgoblin is moderately wounded.
The hobgoblin barely misses you.
You closely miss the hobgoblin.
The hobgoblin is moderately wounded.
The hobgoblin hits you with a club!
* * * LOW HITPOINT WARNING * * *
There is a stone staircase leading down here.
There is a stone staircase leading down here.
Quiver which item? (- for none, * to show all) (? for menu, Esc to quit)
Quivering
c - 4 large rocks for throwing.
Casting: Corona
Confirm with . or Enter, or press ? or * to list all spells.
Aiming: Corona
Press: ? - help, Shift-Dir - straight line, f/p - hobgoblin
Aim: a hobgoblin, wielding a club (moderately wounded, chance to defeat MR: 61%)
You miscast Corona.
You are very lightly contaminated with residual magic.
Nothing appears to happen.
Unknown command.
Casting: Corona
Confirm with . or Enter, or press ? or * to list all spells.
Aiming: Corona
Press: ? - help, Shift-Dir - straight line, f/p - hobgoblin
Aim: a hobgoblin, wielding a club (moderately wounded, chance to defeat MR: 61%)
The hobgoblin is outlined in light.
The hobgoblin hits you but does no damage.
Unknown command.
Throwing (i - inventory. (,) - cycle):
c - 4 large rocks (quivered)
Press: ? - help, Shift-Dir - straight line, f/p - hobgoblin
Aim: a hobgoblin, wielding a club (moderately wounded, softly glowing)
You throw a large rock.
The large rock barely misses the hobgoblin.
The hobgoblin hits you but does no damage.
The hobgoblin closely misses you.
Throwing (i - inventory. (,) - cycle):
c - 3 large rocks (quivered)
Press: ? - help, Shift-Dir - straight line, f/p - hobgoblin
Aim: a hobgoblin, wielding a club (moderately wounded, softly glowing)
You throw a large rock.
The large rock closely misses the hobgoblin.
The hobgoblin hits you with a club.
* * * LOW HITPOINT WARNING * * *
The hobgoblin hits you with a club.
You die...

#.⌠..## #####....#
#..8..# #...####.#
#.....# #.#.####.#
#.....####.#.#..g.#
###..#.......#.####
###..#.###.###..(#
##...#.# #...###.#
##..##.# ###.# #g#
.......# #.# #@#
######## #.###.#
#.....# #######


You could see a hobgoblin.

Vanquished Creatures
  A dart slug (D:1)
  A hobgoblin (D:1)
  A ball python (D:1)
  A frilled lizard (D:1)
4 creatures vanquished.

Notes
Turn   | Place    | Note
-------+----------+-------------------------------------------
     0 | D:1      | Amnesiac the Ogre Arcane Marksman began the quest for the Orb.
     0 | D:1      | Reached XP level 1. HP: 19/19 MP: 2/2
   636 | D:1      | Slain by a hobgoblin

Vault maps used:
D:1:      lemuel_arrival_room, hangedman_feature_mirror

Action                   || total
-------------------------++-------
Melee: Unarmed           ||    16
Throw: Stone             ||    18
       Large rock        ||     3
 Cast: Corona            ||     8
Armor: Robe              ||     8
Dodge: Dodged            ||     8

Table legend:
 A = Spawn XP
 B = Non-spawn XP
 C = Spawn XP percentage of total XP
 D = Spawn monster count
 E = Non-spawn monster count
 F = Spawn count percentage of total count
 G = Total turns spent on level
                    A         B        C        D         E        F      G
               +---------+---------+-------+---------+---------+-------+---------
         Total |       0 |       8 |   0.0 |       0 |       4 |   0.0 |   636
               +---------+---------+-------+---------+---------+-------+---------
           D:1 |       0 |       8 |   0.0 |       0 |       4 |   0.0 |   636
               +---------+---------+-------+---------+---------+-------+---------
